 Dungeon Crawl Stone Soup version 0.22.1-1-ga44c0e5 (webtiles) character file.

186 Irenicus the Chopper (level 5, -11/46 HPs)
             Began as a Deep Dwarf Monk on Oct 7, 2018.
             Engulfed by a cloud of flame (23 damage)
             ... on level 3 of the Dungeon.
             The game lasted 00:08:32 (1081 turns).

Irenicus the Chopper (Deep Dwarf Monk)              Turns: 1081, Time: 00:08:33

Health: -11/46     AC:  4    Str: 15    XL:     5   Next: 38%
Magic:  5/5        EV: 13    Int: 10    God:
Gold:   107        SH:  0    Dex: 16    Spells: 4/4 levels left

rFire    . . .     SeeInvis .   a - +0 hand axe
rCold    . . .     Gourm    .   (no shield)
rNeg     . . .     Faith    .   l - +0 leather armour
rPois    .         Spirit   .   o - +1 hat
rElec    .         Reflect  .   (no cloak)
rCorr    .         Harm     .   (no gloves)
MR       .....                  (no boots)
Stlth    ++........             (no amulet)
HPRegen  0.00/turn              (no ring)
MPRegen  0.09/turn              (no ring)

@: non-regenerating
A: damage resistance, heal wounds, sense surroundings 1, no regeneration
a: Heal Wounds


You were on level 3 of the Dungeon.
You were hungry.

You visited 1 branch of the dungeon, and saw 3 of its levels.

You collected 107 gold pieces.

Inventory:

Hand Weapons
 a - a +0 hand axe (weapon)
 g - a cursed +0 war axe
   (You found it on level 2 of the Dungeon)
 n - a +0 hunting sling
   (You took it off a goblin on level 3 of the Dungeon)
Missiles
 q - 11 stones (quivered)
Armour
 l - a +0 leather armour (worn)
   (You found it on level 1 of the Dungeon)
 o - a +1 hat (worn)
   (You found it on level 2 of the Dungeon)
Scrolls
 b - a scroll of remove curse {unknown}
 e - a scroll of random uselessness
 f - 2 scrolls of identify
 h - a scroll of magic mapping {!r}
 i - a scroll of enchant armour {unknown}
 j - a scroll of noise {!r}
 k - 2 scrolls of fear
 m - a scroll of enchant weapon {unknown}
Potions
 p - a potion of invisibility
Comestibles
 c - 9 rations


   Skills:
 - Level 2.6 Fighting
 + Level 6.8 Axes
 - Level 3.2 Dodging
 - Level 2.4 Stealth


You had 4 spell levels left.
You didn't know any spells.
Your spell library was empty.

Dungeon Overview and Level Annotations

Branches:
Dungeon (3/15)

Altars:


Innate Abilities, Weirdness & Mutations

You are resistant to damage.
You can heal yourself by infusing magical energy.
You passively map a small area around you.
You do not regenerate.


Message History

Firing (i - inventory)
q - 18 stones (quivered)
Aim: a phantom (heavily damaged)
You shoot a stone. The stone barely misses the phantom.
Wield which item (- for none, * to show all)? (? for menu, Esc to quit)
a - a +0 hand axe (weapon)
The jackal barks!
You hit the phantom.
The phantom blinks!
A worm comes into view.
Wield which item (- for none, * to show all)? (? for menu, Esc to quit)
n - a +0 hunting sling (weapon)
Firing (i - inventory)
q - 17 stones (quivered)
Aim: a worm You shoot a stone.
The stone barely misses the worm.
You hear a splash.
Firing (i - inventory)
q - 16 stones (quivered)
Aim: a worm You shoot a stone.
The stone hits the jackal.
Firing (i - inventory)
q - 15 stones (quivered)
Aim: a jackal (heavily wounded)
You shoot a stone. The stone hits the jackal.
You kill the jackal!
Firing (i - inventory)
q - 14 stones (quivered)
Aim: a phantom (heavily damaged)
You shoot a stone.
The stone hits the phantom but does no damage.
The phantom blinks!
An ogre comes into view. It is wielding a giant club.
Firing (i - inventory)
q - 13 stones (quivered)
Aim: a phantom (heavily damaged)
You shoot a stone. The stone barely misses the phantom.
You aren't carrying any items that you can evoke.
Firing (i - inventory)
q - 12 stones (quivered)
Aim: a phantom (heavily damaged)
You shoot a stone.
The stone completely misses the phantom.
The phantom completely misses you.
Wield which item (- for none, * to show all)? (? for menu, Esc to quit)
a - a +0 hand axe (weapon)
As you read the scroll labeled DYBAD HAN QIRU, it crumbles to dust.
You feel strangely unstable.
It was a scroll of teleportation.
The phantom barely misses you.
You hit the phantom.
The phantom blinks!
The phantom blinks!
The worm bites you!
You take 6 damage, and have 13/40 hp.
Your surroundings seem slightly different.
The phantom closely misses you.
You hit the phantom.
The phantom blinks!
You feel a little less clever now.
The phantom blinks!
A kobold comes into view. It is wielding a whip.
A bat, a worm, an ooze and a hobgoblin come into view.
The hobgoblin shouts!
A giant cockroach comes into view.
The bat moves out of view.
A quokka comes into view.
Found a stone staircase leading up.
The bat barely misses you. The bat hits you but does no damage.
The bat closely misses you.
You start to feel less resistant.
The bat hits you but does no damage. The bat completely misses you.
The bat completely misses you. The bat misses you. The bat hits you.
You hit the bat.
You kill the bat!
Okay, then.
You closely miss the giant cockroach.
Your resistance to elements expires.
The giant cockroach barely misses you.
You hit the giant cockroach. The giant cockroach misses you.
You hit the giant cockroach but do no damage.
The giant cockroach closely misses you. The giant cockroach barely misses you.
You closely miss the giant cockroach. The giant cockroach closely misses you.
You hit the giant cockroach.
You kill the giant cockroach!
You barely miss the hobgoblin. The hobgoblin closely misses you.
As you read the scroll labeled FAASIF YVAS, it crumbles to dust.
The creatures around you are filled with an inner flame!
It was a scroll of immolation.
The phantom blinks!
Okay, then.
You feel much better. The hobgoblin hits you with a club.
You regained 16 hp, and now have 29/40 hp.
You hit the hobgoblin. The hobgoblin misses you.
You hit the hobgoblin. The hobgoblin closely misses you.
You hit the hobgoblin. The hobgoblin barely misses you.
Your leather armour prevents you from hitting the hobgoblin.
The hobgoblin closely misses you.
You hit the hobgoblin.
The hobgoblin explodes!
The fiery explosion engulfs the ogre.
The ogre explodes!
The fiery explosion engulfs the quokka.
The quokka explodes!
Your Axes skill increases to level 6!
You have reached level 5!
The fiery explosion engulfs you!
* * * LOW HITPOINT WARNING * * *
You are engulfed in blazing flames.
Ouch! That really hurt!
You die...

#................# *,,,,,,
#..%......<......# *,,,,,,
*#.......w......#* *,,,,,,
##.....##wW...## **,,,,,
###.#.##§##### *,,**,
####.#.##§# **≈**,
#♣≈≈#.#.##§# *≈***
#♣≈≈P..#.##§# *** **≈≈*
*♣P≈≈≈....##@#****,*****≈≈***
*≈≈≈≈≈....##.......♣*≈*,≈,≈≈≈
*≈≈PPP....##.#####..≈,≈≈,≈≈,≈
*#≈≈PP....##.# *,≈,≈≈≈≈≈,,*
##P♣♣#...##.# *,******≈≈**
#** #...##.# *,******≈**
#...##.# *,,,,**≈≈***
#...##.# *******≈≈≈*,
#(..#*,#***********,≈*,


You could see a phantom (inner flame) and 2 worms.

Vanquished Creatures
  An ogre (D:3)
  4 adders
  An ooze (D:2)
  A dart slug (D:2)
  A leopard gecko (D:1)
  2 ball pythons
  3 giant cockroaches
  12 goblins
  6 hobgoblins
  10 jackals
  2 quokkas
  3 bats
  A frilled lizard (D:1)
  5 kobolds
  8 rats
60 creatures vanquished.

Notes
Turn   | Place    | Note
-------+----------+-------------------------------------------
     0 | D:1      | Irenicus the Deep Dwarf Monk began the quest for the Orb.
     0 | D:1      | Reached XP level 1. HP: 20/20 MP: 1/1
   161 | D:1      | Reached skill level 4 in Axes
   161 | D:1      | Reached XP level 2. HP: 22/27 MP: 2/2
   547 | D:2      | HP: 5/27 [adder (4)]
   555 | D:2      | Reached XP level 3. HP: 31/33 MP: 3/3
   614 | D:2      | Reached skill level 5 in Axes
   747 | D:2      | Reached XP level 4. HP: 28/40 MP: 4/4
   983 | D:3      | Noticed a phantom
   996 | D:3      | HP: 7/40 [phantom (4)]
  1036 | D:3      | Noticed an ogre
  1081 | D:3      | Killed an ogre
  1081 | D:3      | Reached skill level 6 in Axes
  1081 | D:3      | Reached XP level 5. HP: 34/46 MP: 5/5
  1081 | D:3      | Engulfed by a cloud of flame

Skill      XL: |  1  2  3  4 |
---------------+-------------+-----
Axes           | 4 5 6 |  6.8
Fighting       | |  2.6
Dodging        | |  3.2
Stealth        | |  2.4

Action                   |  1- 3 |  4- 6 || total
-------------------------+-------+-------++-------
Melee: Hand axe          |   126 |    63 ||   189
 Fire: Hunting sling     |       |     9 ||     9
 Abil: Heal Wounds       |     1 |     2 ||     3
  Use: Potion            |     1 |     2 ||     3
       Scroll            |       |     7 ||     7
 Stab: Sleeping          |     5 |       ||     5
       Distracted        |       |     1 ||     1
Armor: Robe              |     4 |       ||     4
       Leather armour    |    15 |    13 ||    28
Dodge: Dodged            |    98 |    46 ||   144

Vault maps used:
D:1:      lemuel_arrival_tunnels, minmay_unequal
D:2:      cheibrodos_old_hovel, minmay_octomino_c4
D:3:      grunt_temple_overflow_diamond, serial_bayou, serial_bayou_crossing,
          serial_bayou_pond_c, serial_bayou_shore_a, serial_bayou_shore_b,
          serial_bayou_pond_b, chequers_ecumenical_altar_simple_redux

Table legend:
 A = Turns spent in this place as a percentage of turns spent in the entire game.
 B = Non-inter-level travel turns spent in this place as a percentage of non-inter-level travel turns spent in the entire game.
 C = Inter-level travel turns spent in this place as a percentage of turns spent in this place.
 D = Turns resting spent in this place as a percentage of non-inter-level travel turns spent in this place.
 E = Turns spent auto-exploring this place as a percentage of non-inter-level travel turns spent in this place.
 F = Non-inter-level travel turns spent in this place divided by the number of levels of this place that you've seen.
                   A       B       C       D       E      F
               +-------+-------+-------+-------+-------+----------------------
         Total | 100.0 | 100.0 |   0.0 |   0.0 |   0.0 | 360.3
       Dungeon | 100.0 | 100.0 |   0.0 |   0.0 |   0.0 | 360.3
               +-------+-------+-------+-------+-------+----------------------

Table legend:
 A = Kills in this place as a percentage of kills in entire the game.
 B = Kills by you in this place as a percentage of kills by you in the entire game.
 C = Kills by friends in this place as a percentage of kills by friends in the entire game.
 D = Other kills in this place as a percentage of other kills in the entire game.
 E = Experience gained in this place as a percentage of experience gained in the entire game.
 F = Experience gained in this place divided by the number of levels of this place that you have seen.
                   A       B       C       D       E      F
               +-------+-------+-------+-------+-------+----------------------
         Total | 100.0 | 100.0 |   N/A |   N/A | 100.0 |  88.7
       Dungeon | 100.0 | 100.0 |   N/A |   N/A | 100.0 |  88.7
               +-------+-------+-------+-------+-------+----------------------
